 Dungeon Crawl Stone Soup version 0.26-a0-30-g56b8cd3df0 (webtiles) character file.

Game seed: 13707855145216232163, levelgen mode: deterministic

88 grindst0ne the Sneak (level 4, 22/22 HPs)
             Began as a Spriggan Assassin on May 28, 2020.
             Was an Initiate of Yredelemnul.
             Got out of the dungeon alive.
             The game lasted 00:03:22 (1437 turns).

grindst0ne the Sneak (Spriggan Assassin)            Turns: 1437, Time: 00:03:22

Health: 22/22      AC:  3    Str:  7    XL:     4   Next: 29%
Magic:  5/5        EV: 20    Int: 12    God:    Yredelemnul [......]
Gold:   116        SH:  0    Dex: 18    Spells: 3/3 levels left

rFire    . . .     SeeInvis +   a - +2 dagger
rCold    . . .     Gourm    .   (shield restricted)
rNeg     . . .     Faith    .   b - +0 robe
rPois    .         Spirit   .   (helmet restricted)
rElec    .         Reflect  .   c - +0 cloak
rCorr    .         Harm     .   (gloves unavailable)
MR       .....                  (boots unavailable)
Stlth    ++++......             (no amulet)
HPRegen  0.07/turn              (no ring)
MPRegen  0.09/turn              (no ring)

@: very quick
A: very small, unfitting armour, see invisible, herbivore, speed 3, slow
metabolism 2
a: Renounce Religion


You escaped.
You worshipped Yredelemnul.
Yredelemnul was noncommittal.
You were not hungry.

You visited 1 branch of the dungeon, and saw 2 of its levels.

You collected 116 gold pieces.

Inventory:

Hand Weapons
 a - a +2 dagger (weapon)
Missiles
 d - 17 poisoned darts (quivered)
 e - a curare-tipped dart
Armour
 b - a +0 robe (worn)
 c - a +0 cloak (worn)
Scrolls
 h - 2 scrolls of identify {unknown}
 i - a scroll of magic mapping {unknown}
 j - 2 scrolls of remove curse {unknown}
 l - a scroll of random uselessness {unknown}
 m - a scroll of teleportation {unknown}
Potions
 g - 2 potions of curing {unknown}
 k - a potion of lignification {unknown}
 n - a potion of heal wounds {unknown}
Comestibles
 f - 4 rations


   Skills:
 - Level 1.5 Fighting
 - Level 2.1 Short Blades
 - Level 2.0 Throwing
 + Level 4.4 Dodging
 + Level 7.5 Stealth


You had 3 spell levels left.
You didn't know any spells.
Your spell library was empty.

Dungeon Overview and Level Annotations

Branches:
Dungeon (2/15)

Altars:
Yredelemnul


Innate Abilities, Weirdness & Mutations

You are very small and have problems with some larger weapons.
You are too small for most types of armour.
You have supernaturally acute eyesight. (SInv)
You are a herbivore.
You cover ground extremely quickly.
You need to consume almost no food.


Message History

Where to? (Enter - D:2, ? - help)
A hobgoblin comes into view. It is wielding a -2 club.
Found 2 javelins.
You can't go up here!
(D) Dungeon
Where to? (Enter - D:1, ? - help)
A hobgoblin is nearby!
You can't go up here!
Things that are here:
a +0 halberd; an adder corpse
There is a stone staircase leading up here.
You climb upwards.
There is a stone staircase leading down here.
There is an open door here.
There is an open door here.
You open the door.
There is an open door here.
There is a staircase leading out of the dungeon here.
Are you sure you want to leave the Dungeon?
This will make you lose the game!
You have escaped!

#....###.#...#...........
######.#### #....#............
#......### ##.##.....#...#....
#.####...###8'8###...###.#....
#)# #..##≈≈≈.≈≈≈##..# #.#....
#.# #.##≈≈≈.P.≈≈≈##.# #.#....
#.# ###≈≈P..8..P≈≈### #(#....
#.# #≈≈≈.......≈≈≈# #(#....
#.# #≈P.8..@..8.P≈# #†####+
#.# #≈≈≈.......≈≈≈# #.#....
#.# ###≈≈P..8..P≈≈#####.#.###
#.# #.##≈≈≈.P.≈≈≈##.#...#....
#.# #..##≈≈≈.≈≈≈##).#.#......
#.# ##...###8'8###...#.#)###..
#.# #.........## ###...#.#....
#.# #.######### ###.#.#...#
#.# #.# #.#.#...#


There were no monsters in sight!

Vanquished Creatures
  4 gnolls
  An adder (D:2)
  A dart slug (D:1)
  3 leopard geckos (D:1)
  3 hobgoblins
  2 jackals (D:1)
  A quokka (D:2)
  A ball python (D:2)
  3 bats (D:1)
  3 frilled lizards
  4 goblins (D:1)
  6 kobolds
  5 rats (D:1)
37 creatures vanquished.

Notes
Turn   | Place    | Note
-------+----------+-------------------------------------------
     0 | D:1      | grindst0ne the Spriggan Assassin began the quest for the
                  | Orb.
     0 | D:1      | Reached XP level 1. HP: 10/10 MP: 2/2
   128 | D:1      | Reached skill level 6 in Stealth
   128 | D:1      | Reached XP level 2. HP: 14/14 MP: 3/3
   467 | D:1      | Reached XP level 3. HP: 6/18 MP: 4/4
  1136 | D:2      | Reached skill level 7 in Stealth
  1227 | D:2      | Reached XP level 4. HP: 22/22 MP: 5/5
  1336 | D:2      | Found a basalt altar of Yredelemnul.
  1347 | D:2      | Became a worshipper of Yredelemnul the Dark
  1437 | D:$      | Got out of the dungeon alive.

Illustrated notes

Levels and vault maps discovered:
D:1:      lightli_arrival_statuegarden, layout_basic
D:2:      layout_loops_ring, lemuel_round_altar, first_ration

Skill      XL: |  1  2  3 |
---------------+----------+-----
Dodging        | 2 3 4 |  4.4
Stealth        | 6 7 |  7.5
Fighting       | |  1.5
Short Blades   | |  2.1
Throwing       | |  2.0

Action                   |  1- 3 |  4- 6 || total
-------------------------+-------+-------++-------
Melee: Dagger            |    97 |     3 ||   100
Throw: Dart              |    13 |     5 ||    18
 Stab: Sleeping          |    13 |     3 ||    16
Armor: Robe              |     9 |       ||     9
Dodge: Dodged            |    74 |       ||    74

Table legend:
 A = Non-vault XP
 B = Vault XP
 C = Vault XP percentage of total XP
 D = Non-vault monster count
 E = Vault monster count
 F = Vault count percentage of total count
                 A         B        C        D         E       F
            +---------+---------+-------+---------+---------+-------
      Total |     126 |       0 |   0.0 |      37 |       0 |   0.0
            +---------+---------+-------+---------+---------+-------
        D:1 |      61 |       0 |   0.0 |      28 |       0 |   0.0
        D:2 |      65 |       0 |   0.0 |       9 |       0 |   0.0
            +---------+---------+-------+---------+---------+-------
